Map: Ruins of Seras

Players

Kratoss - Winner!

  • Race: Zerg Zerg
  • League: Master

ChOgO

  • Race: Protoss Protoss
  • League: Gold

Event: Gauntlet LotV Series 1 Qualifier 1

VOD

Have the link to the VOD?

Description

Time

  • Played on: Nov. 22, 2015, 3:43 p.m.
  • Length: 11:36

All games in this series

Show
View Real Time Build Order
Export as new Build Order

Kratoss Zerg - Winner!

Build Orders: Pool First 

Get SALT Encoding   

  12  0:01  Drone  
  13  0:25  Drone, Spawning Pool  
  13  0:28  Extractor  
  13  0:34  Drone  
  13  0:38  Drone  
  14  0:55  Overlord  
  14  1:00  Drone, Extractor  
  14  1:02  Overlord  
  15  1:16  Queen  
  17  1:31  Metabolic Boost  
  17  1:33  Zergling x2  
  17  1:35  Zergling x2  
  17  1:39  Zergling x2  
  20  1:46  Zergling x2  
  21  1:53  Baneling Nest  
  20  1:59  Zergling x2  
  21  2:08  Zergling x2  
  22  2:20  Zergling x2  
  23  2:26  Zergling x6  
  26  2:32  Drone  
  27  2:43  Baneling x4  
  27  2:46  Zergling x2  
  28  2:55  Drone  
  28  3:08  Drone  
  28  3:11  Hatchery  
  26  3:15  Drone  
  27  3:24  Drone x2  
  23  3:49  Drone  
  23  3:50  Drone x2  
  23  3:52  Queen  
  27  4:01  Drone  
  28  4:03  Roach Warren  
  27  4:20  Drone x3  
  27  4:22  Overlord x2  
  29  4:35  Lair  
  29  4:39  Drone x3  
  32  4:46  Drone x2  
  32  4:48  Drone  
  32  4:49  Drone  
  32  4:51  Drone  
  37  4:58  Roach  
  39  5:06  Drone x2  
  41  5:08  Drone  
  41  5:09  Drone, Extractor  
  42  5:18  Ravager  
  42  5:21  Hatchery, Roach  
  45  5:23  Roach  
  45  5:26  Drone  
  45  5:27  Drone  
  48  5:29  Drone  
  48  5:32  Glial Reconstitution  
  49  5:36  Drone  
  49  5:38  Drone x2, Extractor  
  49  5:40  Drone  
  52  5:43  Overlord  
  52  5:47  Overlord  
  52  5:50  Overlord  
  52  6:06  Ravager x2  
  52  6:07  Drone  
  52  6:08  Drone x6  
  52  6:09  Overlord  
  61  6:13  Drone  
  61  6:14  Overlord  
  61  6:16  Drone x2  
  64  6:24  Evolution Chamber  
  57  6:36  Spore Crawler  
  57  6:38  Drone x2  
  57  6:39  Drone x3  
  61  6:43  Drone x3  
  61  6:44  Drone  
  61  6:46  Spore Crawler  
  60  6:55  Drone x3  
  60  6:56  Drone  
  60  6:57  Drone x2  
  64  7:01  Drone  
  65  7:13  Queen  
  65  7:14  Zerg Missile Weapons Level 1  
  67  7:21  Drone, Hydralisk Den  
  67  7:22  Drone x3  
  70  7:23  Drone x4  
  70  7:28  Extractor  
  70  7:30  Roach  
  70  7:31  Roach x3  
  72  7:44  Roach x6  
  72  7:45  Roach  
  72  7:46  Overlord  
  72  7:48  Roach  
  88  7:53  Ravager  
  88  7:54  Ravager  
  88  7:56  Overlord x3  
  90  7:59  Overlord  
  90  8:01  Overseer  
  90  8:08  Muscular Augments  
  90  8:10  Overlord x2, Extractor  
  89  8:17  Drone  
  89  8:18  Drone x2  
  92  8:22  Drone x2  
  92  8:24  Drone  
  92  8:26  Ravager x4  
  99  8:27  Zergling x12  
  99  8:30  Roach  
  107  8:34  Roach, Zergling x2  
  110  8:41  Extractor  
  110  8:44  Spine Crawler  
  110  8:46  Roach x2  
  110  8:47  Roach x3, Zergling x2  
  119  8:55  Hatchery  
  115  8:59  Roach x4, Zergling x2  
  115  9:00  Zergling x6  
  125  9:12  Drone, Spore Crawler  
  125  9:16  Roach x3  
  122  9:29  Roach x6, Zergling x4  
  130  9:33  Hydralisk x3  
  130  9:34  Zergling x2  
  130  9:37  Queen  
  139  9:42  Drone x3  
  142  9:49  Overlord x2  
  142  9:56  Roach  
  141  10:03  Ravager  
  141  10:04  Ravager x3  
  145  10:10  Zergling x24  
  156  10:21  Drone x3, Overlord  
  154  10:32  Roach x2  
  154  10:33  Roach x5  
  154  10:35  Ravager  
  167  10:36  Overlord  
  163  10:51  Ravager x5  
  163  10:55  Hydralisk  
  163  10:56  Roach x2, Zergling x6  
  176  10:59  Overlord x5  
  176  11:01  Overseer  
  171  11:15  Roach x3  
  171  11:16  Zergling x2  
  171  11:17  Overlord x3  
  171  11:18  Overlord x6  
Show
View Real Time Build Order
Export as new Build Order

ChOgO Protoss 

Build Orders: 1 Gate Expand 

Get SALT Encoding   

  12  0:01  Probe (Chrono Boost)  
  13  0:12  Probe (Chrono Boost)  
  14  0:20  Pylon  
  14  0:23  Probe (Chrono Boost)  
  15  0:38  Probe (Chrono Boost)  
  15  0:42  Gateway  
  16  0:46  Assimilator  
  16  0:50  Probe (Chrono Boost)  
  17  1:01  Probe (Chrono Boost)  
  18  1:11  Probe (Chrono Boost)  
  19  1:25  Nexus  
  19  1:37  Cybernetics Core  
  19  1:43  Cybernetics Core  
  19  1:48  Probe (Chrono Boost)  
  19  1:51  Assimilator  
  20  2:02  Probe (Chrono Boost)  
  20  2:06  Pylon  
  21  2:13  Probe (Chrono Boost)  
  22  2:23  Probe (Chrono Boost)  
  22  2:25  Adept (Chrono Boost)  
  25  2:33  Warp Gate  
  25  2:34  Mothership Core (Chrono Boost)  
  27  2:38  Probe  
  28  2:50  Adept (Chrono Boost)  
  30  3:23  Pylon  
  30  3:24  Pylon  
  19  3:57  Adept (Chrono Boost)  
  21  4:03  Pylon  
  21  4:08  Pylon  
  21  4:09  Probe  
  21  4:10  Probe  
  21  4:11  Pylon  
  21  4:15  Pylon  
  23  4:22  Probe x2  
  23  4:28  Assimilator  
  26  4:32  Assimilator  
  26  4:33  Probe  
  26  4:35  Probe  
  26  4:38  Stargate  
  26  4:47  Probe (Chrono Boost), Pylon  
  27  4:59  Probe (Chrono Boost)  
  28  5:03  Adept  
  30  5:09  Probe (Chrono Boost)  
  31  5:15  Gateway  
  31  5:18  Gateway  
  31  5:20  Probe (Chrono Boost)  
  32  5:22  Oracle (Chrono Boost)  
  35  5:29  Sentry  
  35  5:30  Probe  
  35  5:31  Probe  
  39  5:43  Probe  
  39  5:45  Pylon  
  40  5:50  Probe  
  40  5:54  Oracle (Chrono Boost)  
  40  5:55  Probe  
  45  6:01  Probe  
  46  6:11  Sentry x2  
  48  6:13  Pylon  
  48  6:14  Stalker  
  52  6:19  Probe  
  52  6:21  Probe  
  54  6:30  Probe  
  55  6:33  Probe  
  55  6:34  Stalker x2  
  60  6:41  Probe  
  60  6:45  Probe  
  62  6:51  Probe  
  63  6:57  Probe  
  63  7:00  Stalker  
  63  7:01  Stalker x2  
  70  7:03  Probe  
  71  7:09  Probe  
  70  7:51  Robotics Facility  
  70  7:52  Twilight Council  
  70  7:54  Probe  
  71  8:02  Zealot x3  
  71  8:03  Pylon  
  77  8:24  Stalker  
  77  8:25  Stalker x2, Pylon  
  83  8:29  Blink (Chrono Boost)  
  83  8:41  Gateway, Nexus  
  83  8:43  Gateway, Pylon  
  83  8:44  Gateway  
  83  8:45  Gateway  
  83  8:47  Gateway  
  83  8:48  Pylon  
  83  8:50  Pylon  
  74  9:05  Stalker x3  
  80  9:22  Robotics Bay  
  58  9:36  Stalker x2  
  58  9:37  Stalker  
  62  9:43  Stalker x4  
  72  9:45  Mothership Core  
  72  9:49  Pylon  
  72  10:02  Stalker x2  
  71  10:36  Stalker x3  
  70  10:58  Stalker x2  
  54  11:24  Stalker x2  
Tags
 
Add a new tag
Caveats
  • Supply blocks, unpowered buildings, or Contaminate may cause inaccurate times.
  • Supply counts are checked every 10 seconds.